 Dungeon Crawl Stone Soup version 0.22-a0-247-gbddf880 (console) character file.

8988 Duffy the Thaumaturge (level 11, 0/60 HPs)
             Began as a Deep Elf Fire Elementalist on Feb 26, 2018.
             Was a Believer of Vehumet.
             Slain by an apocalypse crab (5 damage)
             ... on level 9 of the Dungeon.
             The game lasted 00:16:43 (11266 turns).

Duffy the Thaumaturge (Deep Elf Fire Elementalist) Turns: 11266, Time: 00:16:44

Health: 0/60       AC:  5    Str:  8    XL:     11   Next: 17%
Magic:  5/38       EV:  2    Int: 24    God:    Vehumet [**....]
Gold:   574        SH:  0    Dex: 15    Spells: 14/34 levels left

rFire    + . .     SeeInvis .   M - +10 hand axe {chaos, MP+9 Str+3}
rCold    . . .     Gourm    .   (no shield)
rNeg     + + +     Faith    .   y - +1 robe {MR+}
rPois    ∞         Spirit   .   h - +0 helmet
rElec    .         Reflect  .   (no cloak)
rCorr    .         Harm     .   B - +0 pair of gloves of Undesirable Species {rC+} (curse)
MR       ++...                  (no boots)
Stlth    ++........             (no amulet)
HPRegen  0.20/turn              v - +4 ring of evasion
MPRegen  0.26/turn              H - ring of fire

@: petrified, very slightly contaminated, slowed, invisible (expiring)
A: no striking features
a: Renounce Religion


You were on level 9 of the Dungeon.
You worshipped Vehumet.
Vehumet was pleased with you.
You were not hungry.

You visited 2 branches of the dungeon, and saw 11 of its levels.

You collected 574 gold pieces.

Inventory:

Hand Weapons
 t - a +4 scythe
 M - the +10 hand axe of Cuedoo (weapon) {chaos, MP+9 Str+3}
   (You found it on level 9 of the Dungeon)

   Each time it hits an enemy it has a different, random effect.
   It affects your strength (+3).
   It affects your magic capacity (+9).
Armour
 h - a +0 helmet (worn)
 y - a +1 robe of magic resistance (worn)
 B - the cursed +0 pair of gloves of Undesirable Species (worn) {rC+}
   (You found it on level 6 of the Dungeon)

   It protects you from cold.
   It has a curse placed upon it.
 I - a +2 robe of fire resistance
Jewellery
 v - a +4 ring of evasion (left hand)
 F - an uncursed ring of protection from cold
 G - an uncursed ring of see invisible
 H - a ring of fire (right hand)
 L - a +3 ring of protection
Wands
 s - a wand of polymorph (14)
 x - a wand of flame (15)
 C - a wand of enslavement (6)
Scrolls
 d - 2 scrolls of random uselessness {unknown}
 e - 7 scrolls of identify {unknown}
 g - 4 scrolls of remove curse {unknown}
 j - a scroll of magic mapping {unknown}
 m - 4 scrolls of teleportation {unknown}
 n - 2 scrolls of fog {unknown}
 o - 3 scrolls of blinking {unknown}
 r - a scroll of amnesia {unknown}
 u - a scroll of noise {unknown}
 A - a scroll of enchant armour {unknown}
 D - a scroll of vulnerability {unknown}
Potions
 a - 4 potions of might {unknown}
 c - a potion of brilliance {unknown}
 f - 2 potions of berserk rage {unknown}
 i - a potion of degeneration {unknown}
 k - 2 potions of mutation {unknown}
 l - 3 potions of curing {unknown}
 p - a potion of haste {unknown}
 q - 5 potions of heal wounds {unknown}
 w - a potion of agility {unknown}
 z - a potion of lignification {unknown}
 E - a potion of flight {unknown}
 K - a potion of invisibility {unknown}
Comestibles
 b - 17 rations
 J - 7 chunks of flesh


   Skills:
 + Level 3.1 Fighting
 + Level 5.4 Dodging
 - Level 2.4 Stealth
 - Level 12.0 Spellcasting
 - Level 10.0 Conjurations
 - Level 4.0 Translocations
 - Level 10.0 Fire Magic
 + Level 4.2 Evocations


You had 14 spell levels left.
You knew the following spells:

 Your Spells              Type           Power        Failure   Level  Hunger
a - Flame Tongue          Conj/Fire      #####        1%          1    None
h - Throw Flame           Conj/Fire      ######       1%          2    None
j - Sticky Flame          Conj/Fire      #######.     1%          4    None
k - Fireball              Conj/Fire      #######...   1%          5    ###....
l - Conjure Flame         Conj/Fire      #######.     1%          3    None
o - Mephitic Cloud        Conj/Pois/Air  ####....     3%          3    None
B - Blink                 Tloc           N/A          1%          2    None


Dungeon Overview and Level Annotations

Branches:
Dungeon (10/15)            Temple (1/1) D:7
   Lair: D:8-11         Orc: D:9-12

Altars:
Ashenzari
Cheibriados
Dithmenos
Elyvilon
Fedhas
Gozag
Hepliaklqana
Kikubaaqudgha
Makhleb
Nemelex Xobeh
Okawaru
Qazlal
Ru
Sif Muna
Trog
Uskayaw
Vehumet
Wu Jian
Xom
Yredelemnul
Zin
The Shining One


Message History

The apocalypse crab claws you!
You are engulfed in flames!
You resist.
Your limbs are stiffening.
Cast which spell? (? or * to list)
Aiming: Fireball (safe; 1% risk of failure)
Press: ? - help, Shift-Dir - straight line, p - apocalypse crab You feel a surge of power!
The fireball explodes!
The fireball engulfs the apocalypse crab.
The apocalypse crab appears unharmed.
The apocalypse crab is moderately wounded.
The apocalypse crab closely misses you. The apocalypse crab claws you.
You are engulfed in flames.
You resist. The apocalypse crab barely misses you.
The apocalypse crab closely misses you.
You have turned to stone.
The apocalypse crab bites you. The apocalypse crab claws you!
You feel your power leaking away.
You flicker for a moment.
The apocalypse crab bites you but does no damage.
The apocalypse crab claws you but does no damage.
The apocalypse crab bites you.
You feel yourself slow down. The apocalypse crab claws you!
The apocalypse crab freezes you!
You die...

#........# #......# ##+##
#........# ####'### #.#
#........# #.# #.# #######'## #.#
#<# ##....# #.# #.# #..#### #.#
#.# ##'######## ###'## ##'##
##.........#####.)..### #....
.#.........##..'@)..'.#######....
.#.).......##.##t(..#.......'....
.#.........'..##....#########.<..
.'.........######+### ##'##
##.........# #.# #.# #.........#
#.# #.## #######..## #.# #...
##......### #.# #####.
#.........######'##### #.....


You could see an apocalypse crab.

Vanquished Creatures
  5 two-headed ogres
  An unseen horror (D:8)
  An ugly thing (D:10)
  Grinder (D:3)
  A troll (D:9)
  A hippogriff (D:7)
  Sigmund (D:3)
  A steam dragon (D:8)
  6 sky beasts
  A black bear (D:10)
  5 killer bees
  An orc warrior (D:6)
  A necrophage (D:9)
  7 ogres
  2 centaurs
  A big kobold (D:9)
  6 bullfrogs
  A water moccasin zombie (D:5)
  A scorpion (D:8)
  4 wights (D:7)
  6 howler monkeys
  2 jellies
  2 crimson imps
  A quasit (D:8)
  7 orc wizards
  2 bullfrog skeletons
  9 hounds
  4 orc priests
  4 iguanas
  A gnoll shaman (D:8)
  2 worker ants
  A hound zombie (D:7)
  2 hound skeletons
  Robin (D:3)
  4 gnolls (D:8)
  6 adders
  An ooze (D:1)
  An adder zombie (D:7)
  2 worms
  9 leopard geckos
  36 orcs
  A ball python (D:3)
  A giant cockroach (D:2)
  25 goblins
  14 hobgoblins
  9 jackals
  8 kobolds
  5 quokkas
  6 bats
  6 frilled lizards
  A quokka skeleton (D:6)
  7 rats
234 creatures vanquished.

Vanquished Creatures (collateral kills)
  2 killer bees (D:8)
2 creatures vanquished.

Vanquished Creatures (others)
  A killer bee (D:8)
1 creature vanquished.

Grand Total: 237 creatures vanquished

Notes
Turn   | Place    | Note
-------+----------+-------------------------------------------
     0 | D:1      | Duffy the Deep Elf Fire Elementalist began the quest for the Orb.
     0 | D:1      | Reached XP level 1. HP: 10/10 MP: 6/6
   256 | D:1      | Reached XP level 2. HP: 8/15 MP: 0/8
   913 | D:1      | Learned a level 2 spell: Throw Flame
  1043 | D:2      | Reached XP level 3. HP: 19/19 MP: 7/10
  1051 | D:2      | Learned a level 3 spell: Conjure Flame
  1138 | D:2      | Found a stormy altar of Qazlal.
  1472 | D:2      | Reached skill level 4 in Spellcasting
  1472 | D:2      | Reached XP level 4. HP: 24/24 MP: 0/12
  1694 | D:2      | Learned a level 4 spell: Sticky Flame
  2168 | D:3      | Noticed Sigmund
  2397 | D:3      | Killed Sigmund
  2397 | D:3      | Reached skill level 7 in Spellcasting
  2397 | D:3      | Reached XP level 5. HP: 17/28 MP: 3/16
  2404 | D:3      | Learned a level 5 spell: Fireball
  2662 | D:3      | Noticed Robin
  2665 | D:3      | Reached XP level 6. HP: 28/32 MP: 14/18
  2679 | D:3      | Killed Robin
  2978 | D:3      | Noticed Grinder
  3198 | D:3      | Paralysed by Grinder for 7 turns
  3207 | D:3      | Killed Grinder
  3207 | D:3      | Reached skill level 5 in Fire Magic
  3207 | D:3      | Reached XP level 7. HP: 17/36 MP: 7/19
  3901 | D:4      | Found a glowing golden altar of the Shining One.
  4102 | D:5      | Entered Level 5 of the Dungeon
  4187 | D:5      | Reached skill level 5 in Conjurations
  5002 | D:6      | Reached XP level 8. HP: 38/41 MP: 10/20
  5672 | D:6      | Got a pair of fine gloves
  5683 | D:6      | Identified the cursed +0 pair of gloves of Undesirable Species {rC+} (You found it on level 6 of the Dungeon)
  6707 | D:7      | Found an ornate altar of the Wu Jian Council.
  6915 | D:7      | Found a shadowy altar of Dithmenos.
  7034 | D:7      | Found a shattered altar of Ashenzari.
  7058 | D:7      | Noticed a hippogriff
  7306 | D:7      | Found a staircase to the Ecumenical Temple.
  7312 | Temple   | Entered the Ecumenical Temple
  7337 | Temple   | Became a worshipper of Vehumet
  7365 | D:7      | Reached XP level 9. HP: 45/45 MP: 14/21
  7899 | D:7      | Reached skill level 8 in Spellcasting
  8193 | D:7      | Learned a level 2 spell: Blink
  8200 | D:7      | Learned a level 3 spell: Mephitic Cloud
  8721 | D:8      | Noticed a two-headed ogre
  8729 | D:8      | Reached skill level 9 in Spellcasting
  8771 | D:8      | Reached skill level 10 in Fire Magic
  8772 | D:8      | Reached * piety under Vehumet
  8772 | D:8      | Offered knowledge of Sandblast by Vehumet.
  8947 | D:8      | Noticed an unseen horror
  8950 | D:8      | Killed an unseen horror
  8950 | D:8      | Reached XP level 10. HP: 43/50 MP: 14/25
  8957 | D:8      | Reached skill level 10 in Conjurations
  8997 | D:8      | Killed a two-headed ogre
  8997 | D:8      | Reached skill level 10 in Spellcasting
  9390 | D:8      | Found an opulent altar of Gozag.
  9520 | D:8      | Noticed a two-headed ogre
  9522 | D:8      | Killed a two-headed ogre
  9522 | D:8      | Reached skill level 11 in Spellcasting
 10048 | D:9      | Reached skill level 12 in Spellcasting
 10129 | D:9      | Noticed a two-headed ogre
 10137 | D:9      | Killed a two-headed ogre
 10137 | D:9      | Offered knowledge of Searing Ray by Vehumet.
 10137 | D:9      | Reached skill level 1 in Fighting
 10180 | D:9      | Noticed a two-headed ogre
 10184 | D:9      | Killed a two-headed ogre
 10373 | D:9      | Reached ** piety under Vehumet
 10500 | D:9      | Got a blackened hand axe
 10501 | D:9      | Identified the +10 hand axe of Cuedoo {chaos, MP+9 Str+3} (You found it on level 9 of the Dungeon)
 10895 | D:10     | Entered Level 10 of the Dungeon
 10903 | D:10     | Noticed a two-headed ogre
 10909 | D:10     | Killed a two-headed ogre
 10909 | D:10     | Reached XP level 11. HP: 59/59 MP: 25/29
 10918 | D:10     | Noticed a green ugly thing
 10921 | D:10     | Killed a green ugly thing
 10921 | D:10     | Reached skill level 5 in Dodging
 11266 | D:9      | Slain by an apocalypse crab

Vault maps used:
D:1:      evilmike_arrival_crescent
D:2:      lemuel_coloured_pillars_altar
D:3:      cheibrodos_greedy_goblins, uniq_sigmund, uniq_robin, uniq_grinder
D:4:      first_ration, tso_metal_star
D:7:      ashenzari_altar_1, nicolae_overflow_crystal_walls,
          minmay_temple_entry_fiery, grunt_ogre_cave, roderic_lattice_a,
          grunt_ministairs_5, nrook_mini_backslash,
          nicolae_dithmenos_the_darkroom
D:8:      lemuel_round_altar, kennysheep_path_1
D:10:     minmay_lair_entry_lava, david_orc_4, tgw_kikubaaqudgha
Temple:   nicolae_temple_no_exploring_needed

Skill      XL: |  1  2  3  4  5  6  7  8  9 10 11 |
---------------+----------------------------------+-----
Conjurations   | 2 4 6 8 9 10 | 10.0
Spellcasting   | 4 7 9 12 | 12.0
Fire Magic     | 4 5 6 8 10 | 10.0
Translocations | 4 |  4.0
Fighting       | 2 3 |  3.1
Dodging        | 4 5 |  5.4
Evocations     | 3 4 |  4.2
Stealth        | |  2.4

Action                   |  1- 3 |  4- 6 |  7- 9 | 10-12 || total
-------------------------+-------+-------+-------+-------++-------
Melee: Unarmed           |     3 |       |       |       ||     3
       Scythe            |       |       |    19 |     8 ||    27
       Hand axe          |       |       |       |    20 ||    20
 Cast: Flame Tongue      |    55 |    73 |   178 |    54 ||   360
       Conjure Flame     |     1 |       |     5 |     6 ||    12
       Sticky Flame      |       |     4 |    26 |    12 ||    42
       Fireball          |       |       |    19 |    25 ||    44
Evoke: Wand              |       |       |       |    18 ||    18
 Stab: Petrified         |       |       |       |     1 ||     1
  Eat: Chunk             |     1 |     6 |    17 |    10 ||    34
       Ration            |       |       |     2 |       ||     2
Armor: Robe              |    15 |     5 |    18 |    10 ||    48
       Animal skin       |       |     1 |     4 |       ||     5
Dodge: Dodged            |    30 |     9 |    72 |    67 ||   178

Table legend:
 A = Spawn XP
 B = Non-spawn XP
 C = Spawn XP percentage of total XP
 D = Spawn monster count
 E = Non-spawn monster count
 F = Spawn count percentage of total count
 G = Total turns spent on level
                    A         B        C        D         E        F      G
               +---------+---------+-------+---------+---------+-------+---------
         Total |       0 |   12840 |   0.0 |       0 |     236 |   0.0 | 11266
               +---------+---------+-------+---------+---------+-------+---------
           D:1 |       0 |      39 |   0.0 |       0 |      21 |   0.0 |  1037
           D:2 |       0 |      70 |   0.0 |       0 |      16 |   0.0 |   832
           D:3 |       0 |     627 |   0.0 |       0 |      44 |   0.0 |  1586
           D:4 |       0 |     154 |   0.0 |       0 |      11 |   0.0 |   647
           D:5 |       0 |     383 |   0.0 |       0 |       5 |   0.0 |   841
           D:6 |       0 |     816 |   0.0 |       0 |      25 |   0.0 |  1355
           D:7 |       0 |    1506 |   0.0 |       0 |      37 |   0.0 |  1801
           D:8 |       0 |    4139 |   0.0 |       0 |      35 |   0.0 |  1519
           D:9 |       0 |    3287 |   0.0 |       0 |      31 |   0.0 |  1533
          D:10 |       0 |    1819 |   0.0 |       0 |      11 |   0.0 |    82
               +---------+---------+-------+---------+---------+-------+---------
